2890 views
Uploaded 2019-12-01 21:17:27
Game version 1.32.0.2 / 1.32.0.2.1
23:35 long 4on4 ladder game on (8)Feralas_LV
Saved by iggythefisk
2890 views
Uploaded 2019-12-01 21:17:27
Game version 1.32.0.2 / 1.32.0.2.1
23:35 long 4on4 ladder game on (8)Feralas_LV


123 units @ 14.2k
/ 0.8k
154 buildings @ 11.6k
/ 5.3k
iggythefisk
(23:34) : 


| Scroll of Regeneration | 3 | 300 |
| Lesser Clarity Potion | 3 | 210 |
| Staff of Sanctuary | 3 | 750 |
| Orb of Fire | 2 | 650 |
| Scroll of Town Portal | 1 | 350 |
| Boots of Speed | 3 | 750 |
| Staff of Teleportation | 3 | 450 |
| total: | 18 | 3460g |
| Peasant | 20 | 1500 | / | 0 |
| Spell Breaker | 4 | 860 | / | 120 |
| total: | 24 | 2360g | / | 120w |
| Scout Tower | 35 | 1050 | / | 700 |
| Arcane Tower | 8 | 560 | / | 400 |
| Guard Tower | 21 | 1470 | / | 1050 |
| Altar of Kings | 1 | 180 | / | 50 |
| Farm | 4 | 320 | / | 80 |
| Lumber Mill | 1 | 120 | / | 0 |
| Arcane Vault | 1 | 130 | / | 30 |
| Town Hall | 1 | 385 | / | 205 |
| Blacksmith | 1 | 140 | / | 60 |
| Arcane Sanctum | 1 | 150 | / | 140 |
| Keep | 1 | 320 | / | 210 |
| Castle | 1 | 360 | / | 210 |
| total: | 45 | 2475g | / | 1265w |
| 0:02 | Peasant |
| 0:06 | Altar of Kings |
| 0:07 | Peasant |
| 0:20 | Farm |
| 0:28 | Peasant |
| 0:47 | Peasant |
| 0:49 | Lumber Mill |
| 0:52 | Peasant |
| 0:57 | Farm |
| 1:01 | Peasant |
| 1:07 | Peasant |
| 1:14 | Peasant |
| 1:37 | Peasant |
| 1:50 | Improved Masonry |
| 2:00 | Summon Water Elemental |
| 2:10 | Peasant |
| 2:21 | Peasant |
| 2:44 | Scout Tower |
| 2:46 | Scout Tower |
| 3:01 | Arcane Tower |
| 3:11 | Guard Tower |
| 3:14 | Peasant |
| 3:22 | Scout Tower |
| 3:36 | Peasant |
| 4:00 | Guard Tower |
| 4:03 | Scout Tower |
| 4:05 | Scout Tower |
| 4:06 | Peasant |
| 4:07 | Scout Tower |
| 4:32 | Peasant |
| 4:35 | Scout Tower |
| 4:37 | Arcane Tower |
| 4:45 | Peasant |
| 5:04 | Guard Tower |
| 5:08 | Scout Tower |
| 5:18 | Peasant |
| 5:37 | Guard Tower |
| 5:43 | Keep |
| 5:51 | Scout Tower |
| 6:27 | Guard Tower |
| 6:31 | Arcane Vault |
| 6:44 | Brilliance Aura |
| 7:16 | Scout Tower |
| 7:17 | Scout Tower |
| 7:29 | Scout Tower |
| 7:52 | Arcane Tower |
| 7:57 | Guard Tower |
| 8:29 | Farm |
| 8:30 | Scout Tower |
| 9:52 | Guard Tower |
| 9:55 | Scout Tower |
| 9:57 | Advanced Masonry |
| 9:57 | Improved Lumber Harvesting |
| 10:00 | Castle |
| 10:30 | Guard Tower |
| 11:12 | Scout Tower |
| 11:34 | Summon Water Elemental |
| 11:42 | Guard Tower |
| 11:47 | Storm Bolt |
| 12:14 | Town Hall |
| 12:15 | Scout Tower |
| 12:16 | Scout Tower |
| 12:17 | Scout Tower |
| 12:19 | Scout Tower |
| 12:19 | Scout Tower |
| 12:20 | Scout Tower |
| 12:23 | Boots of Speed |
| 12:24 | Staff of Teleportation |
| 12:29 | Scroll of Town Portal |
| 12:35 | Imbued Masonry |
| 12:39 | Advanced Lumber Harvesting |
| 13:21 | Arcane Tower |
| 13:21 | Guard Tower |
| 13:22 | Guard Tower |
| 13:31 | Guard Tower |
| 13:34 | Holy Light |
| 13:38 | Scroll of Regeneration |
| 13:39 | Lesser Clarity Potion |
| 13:41 | Staff of Sanctuary |
| 13:42 | Orb of Fire |
| 13:50 | Guard Tower |
| 13:51 | Guard Tower |
| 13:52 | Scout Tower |
| 13:58 | Farm |
| 14:50 | Scout Tower |
| 14:50 | Scout Tower |
| 15:05 | Arcane Sanctum |
| 16:00 | Bash |
| 16:04 | Scout Tower |
| 16:04 | Scout Tower |
| 16:05 | Peasant |
| 16:05 | Peasant |
| 16:05 | Peasant |
| 16:06 | Arcane Tower |
| 16:07 | Guard Tower |
| 16:54 | Divine Shield |
| 17:09 | Scout Tower |
| 17:10 | Scout Tower |
| 17:11 | Guard Tower |
| 17:23 | Boots of Speed |
| 17:24 | Staff of Teleportation |
| 17:25 | Boots of Speed |
| 17:32 | Magic Sentry |
| 17:37 | Scout Tower |
| 17:37 | Scout Tower |
| 17:38 | Scout Tower |
| 17:41 | Scout Tower |
| 17:42 | Scout Tower |
| 17:49 | Staff of Sanctuary |
| 17:49 | Orb of Fire |
| 17:53 | Scroll of Regeneration |
| 17:54 | Lesser Clarity Potion |
| 17:59 | Lesser Clarity Potion |
| 18:15 | Arcane Tower |
| 18:16 | Guard Tower |
| 18:17 | Scout Tower |
| 18:17 | Scout Tower |
| 18:24 | Arcane Tower |
| 18:26 | Brilliance Aura |
| 18:40 | Guard Tower |
| 18:41 | Guard Tower |
| 18:43 | Blacksmith |
| 18:45 | Spell Breaker |
| 18:46 | Guard Tower |
| 18:58 | Brilliance Aura |
| 19:29 | Staff of Teleportation |
| 20:22 | Spell Breaker |
| 20:26 | Iron Forged Swords |
| 20:26 | Iron Plating |
| 20:52 | Spell Breaker |
| 20:52 | Control Magic |
| 21:31 | Guard Tower |
| 21:33 | Arcane Tower |
| 21:48 | Spell Breaker |
| 22:00 | Storm Bolt |
| 22:11 | Staff of Sanctuary |
| 22:12 | Scroll of Regeneration |
| 22:43 | Holy Light |
| Right click | 1415 |
| Select group | 840 |
| Select | 496 |
| Assign group | 341 |
| Build/train/purchase | 176 |
| Chat | 83 |
| Misc. action | 56 |
| Use ability | 56 |
| Resource trade | 5 |
| Item give/drop | 3 |


| Scroll of Regeneration | 3 | 300 |
| Scroll of Town Portal | 1 | 350 |
| Staff of Teleportation | 2 | 300 |
| Potion of Lesser Invulnerability | 1 | 150 |
| Potion of Invisibility | 2 | 200 |
| Boots of Speed | 1 | 250 |
| total: | 10 | 1550g |
| Peasant | 35 | 2625 | / | 0 |
| Footman | 5 | 675 | / | 0 |
| Ogre Mauler | 1 | 300 | / | 0 |
| total: | 41 | 3600g | / | 0w |
| Scout Tower | 66 | 1980 | / | 1320 |
| Arcane Tower | 1 | 70 | / | 50 |
| Guard Tower | 26 | 1820 | / | 1300 |
| Altar of Kings | 1 | 180 | / | 50 |
| Barracks | 1 | 160 | / | 60 |
| Farm | 5 | 400 | / | 100 |
| Lumber Mill | 1 | 120 | / | 0 |
| Arcane Vault | 1 | 130 | / | 30 |
| Town Hall | 2 | 770 | / | 410 |
| Keep | 1 | 320 | / | 210 |
| Castle | 1 | 360 | / | 210 |
| total: | 77 | 3740g | / | 1970w |
| 0:03 | Peasant |
| 0:10 | Altar of Kings |
| 0:11 | Peasant |
| 0:23 | Barracks |
| 0:24 | Peasant |
| 0:36 | Farm |
| 0:49 | Peasant |
| 0:55 | Peasant |
| 1:06 | Peasant |
| 1:20 | Peasant |
| 1:29 | Lumber Mill |
| 1:33 | Footman |
| 1:42 | Farm |
| 1:52 | Farm |
| 2:06 | Footman |
| 2:09 | Peasant |
| 2:18 | Summon Water Elemental |
| 2:20 | Footman |
| 2:38 | Peasant |
| 2:42 | Footman |
| 3:06 | Scout Tower |
| 3:06 | Scout Tower |
| 3:07 | Scout Tower |
| 3:07 | Scout Tower |
| 3:21 | Arcane Vault |
| 3:31 | Footman |
| 3:31 | Peasant |
| 3:34 | Arcane Tower |
| 3:39 | Guard Tower |
| 3:50 | Guard Tower |
| 3:56 | Scout Tower |
| 4:02 | Guard Tower |
| 4:12 | Defend |
| 4:24 | Peasant |
| 4:39 | Scroll of Regeneration |
| 4:50 | Improved Masonry |
| 4:52 | Scout Tower |
| 4:53 | Scout Tower |
| 5:32 | Scout Tower |
| 5:33 | Scout Tower |
| 5:36 | Scout Tower |
| 6:05 | Guard Tower |
| 6:07 | Scout Tower |
| 6:08 | Scout Tower |
| 6:08 | Scout Tower |
| 6:20 | Scroll of Regeneration |
| 6:47 | Guard Tower |
| 6:58 | Scout Tower |
| 7:08 | Peasant |
| 7:22 | Brilliance Aura |
| 7:24 | Peasant |
| 7:26 | Peasant |
| 7:31 | Guard Tower |
| 8:31 | Peasant |
| 8:33 | Scout Tower |
| 8:34 | Scout Tower |
| 8:34 | Scout Tower |
| 8:55 | Keep |
| 8:57 | Scout Tower |
| 9:41 | Guard Tower |
| 10:11 | Town Hall |
| 10:19 | Guard Tower |
| 10:21 | Scout Tower |
| 10:22 | Scout Tower |
| 11:03 | Guard Tower |
| 11:25 | Peasant |
| 11:25 | Peasant |
| 11:49 | Peasant |
| 11:52 | Peasant |
| 11:52 | Peasant |
| 12:05 | Scout Tower |
| 12:06 | Scout Tower |
| 12:07 | Scout Tower |
| 12:07 | Scout Tower |
| 12:12 | Advanced Masonry |
| 12:13 | Peasant |
| 12:18 | Peasant |
| 12:27 | Scout Tower |
| 12:58 | Summon Water Elemental |
| 13:13 | Scroll of Regeneration |
| 13:15 | Scroll of Town Portal |
| 13:24 | Guard Tower |
| 13:28 | Scout Tower |
| 13:29 | Scout Tower |
| 13:30 | Scout Tower |
| 13:30 | Scout Tower |
| 13:42 | Peasant |
| 13:53 | Castle |
| 13:57 | Scout Tower |
| 13:58 | Scout Tower |
| 14:00 | Scout Tower |
| 14:01 | Scout Tower |
| 14:06 | Guard Tower |
| 14:10 | Guard Tower |
| 14:25 | Peasant |
| 14:25 | Peasant |
| 14:35 | Guard Tower |
| 14:40 | Staff of Teleportation |
| 14:45 | Potion of Lesser Invulnerability |
| 14:48 | Potion of Invisibility |
| 15:12 | Town Hall |
| 16:30 | Peasant |
| 16:30 | Peasant |
| 16:36 | Scout Tower |
| 16:36 | Scout Tower |
| 16:37 | Scout Tower |
| 16:37 | Scout Tower |
| 16:55 | Brilliance Aura |
| 17:22 | Guard Tower |
| 17:23 | Scout Tower |
| 17:24 | Scout Tower |
| 17:24 | Scout Tower |
| 17:25 | Scout Tower |
| 17:27 | Scout Tower |
| 17:28 | Scout Tower |
| 17:29 | Scout Tower |
| 17:33 | Potion of Invisibility |
| 17:41 | Guard Tower |
| 17:43 | Imbued Masonry |
| 17:43 | Improved Lumber Harvesting |
| 18:25 | Guard Tower |
| 18:29 | Scout Tower |
| 18:30 | Scout Tower |
| 18:31 | Scout Tower |
| 18:31 | Scout Tower |
| 18:32 | Scout Tower |
| 18:32 | Scout Tower |
| 18:37 | Scout Tower |
| 18:38 | Scout Tower |
| 18:39 | Scout Tower |
| 18:39 | Scout Tower |
| 18:40 | Scout Tower |
| 18:40 | Scout Tower |
| 18:41 | Scout Tower |
| 18:42 | Scout Tower |
| 18:42 | Scout Tower |
| 18:43 | Scout Tower |
| 18:52 | Ogre Mauler |
| 19:18 | Guard Tower |
| 19:28 | Scout Tower |
| 19:28 | Scout Tower |
| 19:30 | Scout Tower |
| 19:31 | Scout Tower |
| 19:41 | Guard Tower |
| 19:48 | Peasant |
| 19:48 | Peasant |
| 19:59 | Guard Tower |
| 20:04 | Guard Tower |
| 20:17 | Peasant |
| 20:17 | Peasant |
| 20:18 | Peasant |
| 20:19 | Peasant |
| 20:38 | Guard Tower |
| 20:38 | Guard Tower |
| 20:40 | Scout Tower |
| 20:41 | Scout Tower |
| 21:00 | Peasant |
| 21:00 | Peasant |
| 21:21 | Guard Tower |
| 21:28 | Farm |
| 21:30 | Farm |
| 22:51 | Staff of Teleportation |
| 22:52 | Boots of Speed |
| 22:58 | Holy Light |
| 23:02 | Summon Water Elemental |
| Right click | 1241 |
| Select | 538 |
| Select group | 158 |
| Assign group | 145 |
| Build/train/purchase | 140 |
| Chat | 39 |
| Use ability | 15 |
| Misc. action | 4 |
| Remove unit | 2 |
| Minimap ping | 1 |



| Healing Salve | 1 | 100 |
| Orb of Lightning | 1 | 375 |
| Scroll of Town Portal | 1 | 350 |
| total: | 3 | 825g |
| Peon | 15 | 1125 | / | 0 |
| Grunt | 5 | 1000 | / | 0 |
| Troll Headhunter | 4 | 560 | / | 80 |
| Shaman | 3 | 390 | / | 60 |
| Troll Witch Doctor | 4 | 580 | / | 100 |
| Troll Berserker | 2 | 280 | / | 40 |
| total: | 33 | 3935g | / | 280w |
| Altar of Storms | 1 | 180 | / | 50 |
| Orc Burrow | 8 | 1280 | / | 320 |
| Barracks | 2 | 360 | / | 100 |
| War Mill | 1 | 205 | / | 0 |
| Voodoo Lounge | 1 | 130 | / | 30 |
| Great Hall | 1 | 385 | / | 185 |
| Spirit Lodge | 2 | 300 | / | 300 |
| Beastiary | 2 | 290 | / | 280 |
| Stronghold | 1 | 315 | / | 190 |
| Fortress | 1 | 325 | / | 190 |
| total: | 18 | 3130g | / | 1265w |
| 0:07 | Peon |
| 0:07 | Peon |
| 0:07 | Peon |
| 0:14 | Altar of Storms |
| 0:32 | Orc Burrow |
| 0:44 | Barracks |
| 0:50 | Peon |
| 0:57 | Peon |
| 1:16 | War Mill |
| 1:25 | Peon |
| 1:42 | Peon |
| 1:46 | Peon |
| 1:48 | Peon |
| 2:02 | Orc Burrow |
| 2:26 | Peon |
| 2:34 | Orc Burrow |
| 2:39 | Chain Lighting |
| 2:51 | Barracks |
| 3:24 | Grunt |
| 3:34 | Orc Burrow |
| 3:38 | Voodoo Lounge |
| 4:04 | Grunt |
| 4:05 | Troll Headhunter |
| 4:16 | Troll Headhunter |
| 4:35 | Steel Armor |
| 4:51 | Troll Headhunter |
| 4:59 | Troll Headhunter |
| 5:26 | Feral Spirit |
| 5:36 | Grunt |
| 6:00 | Steel Melee Weapons |
| 6:00 | Steel Ranged Weapons |
| 6:28 | Stronghold |
| 6:38 | Healing Salve |
| 8:04 | Spiked Barricades |
| 8:50 | Chain Lighting |
| 9:04 | Great Hall |
| 9:09 | Berserker Strength |
| 9:10 | Troll Regeneration |
| 9:12 | Thorium Armor |
| 9:12 | Thorium Melee Weapons |
| 9:14 | Fortress |
| 9:41 | Spirit Lodge |
| 9:44 | Spirit Lodge |
| 9:56 | Thorium Ranged Weapons |
| 10:28 | Healing Wave |
| 10:34 | Improved Spiked Barricades |
| 10:36 | Reinforced Defenses |
| 11:35 | Shaman Adept Training |
| 11:35 | Witch Doctor Adept Training |
| 11:43 | Orc Burrow |
| 11:59 | Peon |
| 11:59 | Peon |
| 11:59 | Peon |
| 11:59 | Peon |
| 12:00 | Peon |
| 12:07 | Orc Burrow |
| 12:11 | Feral Spirit |
| 12:13 | Hex |
| 12:20 | Pillage |
| 12:20 | Backpack |
| 12:29 | Berserker Upgrade |
| 12:29 | Burning Oil |
| 13:42 | Shaman Master Training |
| 13:42 | Witch Doctor Master Training |
| 14:38 | Healing Wave |
| 14:51 | Shaman |
| 14:52 | Troll Witch Doctor |
| 14:52 | Shaman |
| 14:53 | Troll Witch Doctor |
| 14:54 | Shaman |
| 14:55 | Troll Witch Doctor |
| 15:01 | Orc Burrow |
| 15:05 | Orc Burrow |
| 15:40 | Orb of Lightning |
| 15:43 | Scroll of Town Portal |
| 16:11 | Endurance Aura |
| 16:19 | Arcanite Armor |
| 16:22 | Grunt |
| 17:20 | Arcanite Melee Weapons |
| 18:00 | Arcanite Ranged Weapons |
| 20:02 | War Stomp |
| 20:33 | Grunt |
| 20:34 | Troll Berserker |
| 20:34 | Troll Berserker |
| 20:37 | Troll Witch Doctor |
| 20:42 | Beastiary |
| 20:48 | Beastiary |
| 20:54 | Chain Lighting |
| 22:02 | Hex |
| 23:02 | Ensnare |
| 23:03 | Envenomed Spears |
| 23:03 | War Drums Damage Increase |
| 23:04 | Liquid Fire |
| Select | 290 |
| Select group | 274 |
| Misc. action | 177 |
| Right click | 151 |
| Build/train/purchase | 103 |
| Use ability | 42 |
| Chat | 27 |
| Assign group | 22 |
| Item give/drop | 9 |
| Esc | 1 |
| Minimap ping | 1 |

| Healing Salve | 4 | 400 |
| Lesser Clarity Potion | 1 | 70 |
| Scroll of Speed | 2 | 100 |
| Potion of Mana | 1 | 200 |
| Orb of Lightning | 1 | 375 |
| Scroll of Town Portal | 2 | 700 |
| Potion of Lesser Invulnerability | 2 | 300 |
| total: | 13 | 2145g |
| Peon | 8 | 600 | / | 0 |
| Grunt | 10 | 2000 | / | 0 |
| Troll Headhunter | 1 | 140 | / | 20 |
| Tauren | 4 | 1120 | / | 320 |
| Demolisher | 2 | 440 | / | 100 |
| total: | 25 | 4300g | / | 440w |
| Orc Burrow | 7 | 1120 | / | 280 |
| Altar of Storms | 1 | 180 | / | 50 |
| Barracks | 2 | 360 | / | 100 |
| War Mill | 1 | 205 | / | 0 |
| Voodoo Lounge | 1 | 130 | / | 30 |
| Tauren Totem | 2 | 270 | / | 310 |
| Stronghold | 1 | 315 | / | 190 |
| Fortress | 1 | 325 | / | 190 |
| total: | 14 | 2265g | / | 770w |
| 0:11 | Orc Burrow |
| 0:14 | Peon |
| 0:14 | Peon |
| 0:50 | Altar of Storms |
| 0:54 | Peon |
| 1:10 | Barracks |
| 1:13 | Peon |
| 1:35 | Peon |
| 1:41 | Orc Burrow |
| 2:13 | Grunt |
| 2:20 | Orc Burrow |
| 2:30 | Barracks |
| 2:53 | Grunt |
| 3:15 | War Stomp |
| 3:20 | Grunt |
| 3:45 | Grunt |
| 4:14 | Pillage |
| 4:21 | War Mill |
| 5:01 | Grunt |
| 5:46 | Grunt |
| 6:22 | Voodoo Lounge |
| 6:27 | Stronghold |
| 6:30 | Steel Armor |
| 8:21 | Steel Melee Weapons |
| 8:33 | Orc Burrow |
| 9:16 | Scroll of Town Portal |
| 9:18 | Healing Salve |
| 9:19 | Lesser Clarity Potion |
| 9:19 | Scroll of Speed |
| 9:29 | Healing Salve |
| 10:14 | Endurance Aura |
| 10:38 | Potion of Lesser Invulnerability |
| 10:44 | Grunt |
| 11:30 | War Stomp |
| 11:55 | Fortress |
| 11:59 | Thorium Armor |
| 12:05 | Orc Burrow |
| 12:11 | Grunt |
| 12:12 | Berserker Strength |
| 12:33 | Healing Salve |
| 12:55 | Healing Salve |
| 13:13 | Thorium Melee Weapons |
| 16:27 | Endurance Aura |
| 16:47 | Grunt |
| 16:47 | Grunt |
| 16:49 | Troll Headhunter |
| 17:31 | Scroll of Town Portal |
| 17:33 | Scroll of Speed |
| 17:52 | Tauren Totem |
| 17:56 | Peon |
| 17:56 | Peon |
| 17:56 | Peon |
| 18:14 | Tauren Totem |
| 18:52 | Potion of Mana |
| 18:58 | Orb of Lightning |
| 19:23 | Pulverize |
| 19:40 | Potion of Lesser Invulnerability |
| 20:06 | Tauren |
| 20:22 | Burning Oil |
| 20:40 | Tauren |
| 20:42 | Demolisher |
| 20:45 | Demolisher |
| 20:57 | Orc Burrow |
| 20:58 | Orc Burrow |
| 22:28 | Tauren |
| 22:28 | Tauren |
| 22:39 | War Stomp |
| Right click | 500 |
| Select | 104 |
| Build/train/purchase | 84 |
| Select group | 82 |
| Misc. action | 43 |
| Assign group | 21 |
| Use ability | 14 |
| Item give/drop | 2 |
| Remove unit | 1 |
137 units @ 18.5k
/ 1.8k
68 buildings @ 8.9k
/ 3.2k


| Rod of Necromancy | 2 | 300 |
| Sacrificial Skull | 1 | 50 |
| Potion of Healing | 2 | 300 |
| Scroll of Town Portal | 1 | 350 |
| Scroll of Healing | 1 | 250 |
| total: | 7 | 1250g |
| Acolyte | 13 | 975 | / | 0 |
| Ghoul | 24 | 2880 | / | 0 |
| Crypt Fiend | 7 | 1505 | / | 280 |
| Obsidian Statue | 7 | 1400 | / | 245 |
| Abomination | 2 | 480 | / | 140 |
| Gargoyle | 1 | 175 | / | 30 |
| total: | 54 | 7415g | / | 695w |
| Nerubian Tower | 2 | 200 | / | 40 |
| Spirit Tower | 2 | 290 | / | 80 |
| Crypt | 1 | 200 | / | 50 |
| Ziggurat | 7 | 1050 | / | 350 |
| Altar of Darkness | 1 | 180 | / | 50 |
| Tomb of Relics | 1 | 130 | / | 30 |
| Graveyard | 1 | 215 | / | 0 |
| Necropolis | 1 | 225 | / | 0 |
| Slaughterhouse | 2 | 280 | / | 270 |
| Halls of the Dead | 1 | 320 | / | 210 |
| Black Citadel | 1 | 325 | / | 230 |
| total: | 14 | 2280g | / | 750w |
| 0:05 | Acolyte |
| 0:05 | Acolyte |
| 0:10 | Crypt |
| 0:18 | Ziggurat |
| 0:38 | Altar of Darkness |
| 1:10 | Tomb of Relics |
| 1:13 | Ghoul |
| 1:32 | Ghoul |
| 1:36 | Ziggurat |
| 1:50 | Ghoul |
| 2:04 | Ghoul |
| 2:24 | Graveyard |
| 2:30 | Ghoul |
| 2:43 | Sleep |
| 3:12 | Ghoul |
| 3:48 | Ghoul |
| 3:49 | Halls of the Dead |
| 3:54 | Rod of Necromancy |
| 4:24 | Vampiric Aura |
| 4:31 | Ghoul |
| 4:43 | Ghoul |
| 4:47 | Ziggurat |
| 5:52 | Ghoul |
| 6:00 | Nerubian Tower |
| 6:14 | Ghoul |
| 6:58 | Crypt Fiend |
| 7:03 | Slaughterhouse |
| 7:30 | Death Coil |
| 7:32 | Crypt Fiend |
| 7:42 | Rod of Necromancy |
| 8:01 | Crypt Fiend |
| 8:19 | Cannibalize |
| 8:27 | Vampiric Aura |
| 8:51 | Crypt Fiend |
| 8:52 | Obsidian Statue |
| 8:55 | Sacrificial Skull |
| 9:01 | Acolyte |
| 9:38 | Necropolis |
| 10:02 | Ziggurat |
| 10:05 | Ziggurat |
| 10:08 | Ziggurat |
| 10:09 | Ziggurat |
| 10:15 | Unholy Aura |
| 10:44 | Scroll of Town Portal |
| 10:57 | Obsidian Statue |
| 11:00 | Ghoul |
| 11:13 | Acolyte |
| 11:17 | Acolyte |
| 11:42 | Obsidian Statue |
| 11:44 | Crypt Fiend |
| 11:47 | Acolyte |
| 11:51 | Acolyte |
| 12:20 | Ghoul |
| 12:23 | Black Citadel |
| 12:28 | Death Coil |
| 12:38 | Carrion Swarm |
| 12:45 | Nerubian Tower |
| 12:45 | Spirit Tower |
| 12:47 | Spirit Tower |
| 12:48 | Acolyte |
| 13:23 | Creature Attack |
| 13:32 | Ghoul |
| 13:34 | Obsidian Statue |
| 14:45 | Destroyer Form |
| 14:48 | Slaughterhouse |
| 15:15 | Potion of Healing |
| 16:16 | Crypt Fiend |
| 16:16 | Abomination |
| 17:19 | Disease Cloud |
| 17:20 | Obsidian Statue |
| 17:27 | Acolyte |
| 17:27 | Acolyte |
| 17:27 | Acolyte |
| 17:28 | Acolyte |
| 17:29 | Acolyte |
| 17:49 | Crypt Fiend |
| 18:06 | Scroll of Healing |
| 18:31 | Obsidian Statue |
| 19:06 | Obsidian Statue |
| 19:58 | Potion of Healing |
| 20:23 | Ghoul |
| 20:24 | Ghoul |
| 20:24 | Ghoul |
| 20:41 | Ghoul |
| 20:41 | Ghoul |
| 21:06 | Ghoul |
| 21:07 | Ghoul |
| 22:11 | Abomination |
| 22:12 | Gargoyle |
| 22:44 | Carrion Swarm |
| 22:58 | Ghoul |
| 22:58 | Ghoul |
| 22:58 | Ghoul |
| Right click | 1137 |
| Select group | 604 |
| Select | 544 |
| Misc. action | 150 |
| Build/train/purchase | 116 |
| Assign group | 84 |
| Use ability | 70 |
| Minimap ping | 9 |
| Esc | 7 |
| Chat | 4 |

| Healing Salve | 2 | 200 |
| Lesser Clarity Potion | 2 | 140 |
| total: | 4 | 340g |
| Peon | 7 | 525 | / | 0 |
| Grunt | 1 | 200 | / | 0 |
| Troll Headhunter | 1 | 140 | / | 20 |
| total: | 9 | 865g | / | 20w |
| Watch Tower | 2 | 220 | / | 160 |
| Altar of Storms | 1 | 180 | / | 50 |
| Orc Burrow | 3 | 480 | / | 120 |
| Barracks | 1 | 180 | / | 50 |
| War Mill | 1 | 205 | / | 0 |
| Voodoo Lounge | 2 | 260 | / | 60 |
| total: | 10 | 1525g | / | 440w |
| 0:04 | Peon |
| 0:06 | Altar of Storms |
| 0:22 | Orc Burrow |
| 0:25 | Peon |
| 0:43 | Barracks |
| 0:45 | Peon |
| 1:02 | Peon |
| 1:16 | Peon |
| 1:27 | Peon |
| 1:32 | Orc Burrow |
| 1:35 | Orc Burrow |
| 1:48 | War Mill |
| 1:51 | Peon |
| 2:07 | Grunt |
| 2:13 | Critical Strike |
| 2:22 | Voodoo Lounge |
| 3:24 | Steel Armor |
| 3:28 | Troll Headhunter |
| 3:38 | Watch Tower |
| 3:49 | Voodoo Lounge |
| 4:45 | Watch Tower |
| 4:57 | Healing Salve |
| 6:24 | Healing Salve |
| 6:25 | Lesser Clarity Potion |
| 6:25 | Lesser Clarity Potion |
| Right click | 314 |
| Select | 100 |
| Build/train/purchase | 32 |
| Select group | 6 |
| Misc. action | 3 |
| Use ability | 3 |
| Assign group | 2 |
| Esc | 1 |


| Scroll of Regeneration | 5 | 500 |
| Lesser Clarity Potion | 3 | 210 |
| Mechanical Critter | 1 | 50 |
| Ivory Tower | 7 | 280 |
| Scroll of Town Portal | 4 | 1400 |
| total: | 20 | 2440g |
| Peasant | 11 | 825 | / | 0 |
| Footman | 12 | 1620 | / | 0 |
| Knight | 10 | 2450 | / | 600 |
| total: | 33 | 4895g | / | 600w |
| Scout Tower | 3 | 90 | / | 60 |
| Arcane Tower | 1 | 70 | / | 50 |
| Guard Tower | 6 | 420 | / | 300 |
| Altar of Kings | 1 | 180 | / | 50 |
| Farm | 11 | 880 | / | 220 |
| Arcane Vault | 1 | 130 | / | 30 |
| Barracks | 2 | 320 | / | 120 |
| Lumber Mill | 1 | 120 | / | 0 |
| Blacksmith | 1 | 140 | / | 60 |
| Town Hall | 2 | 770 | / | 410 |
| Keep | 1 | 320 | / | 210 |
| Castle | 1 | 360 | / | 210 |
| total: | 22 | 2630g | / | 950w |
| 0:05 | Peasant |
| 0:06 | Peasant |
| 0:25 | Altar of Kings |
| 0:31 | Farm |
| 0:45 | Arcane Vault |
| 0:54 | Peasant |
| 1:05 | Peasant |
| 1:05 | Peasant |
| 1:36 | Barracks |
| 1:49 | Farm |
| 2:04 | Peasant |
| 2:25 | Scroll of Regeneration |
| 2:26 | Lesser Clarity Potion |
| 2:26 | Lesser Clarity Potion |
| 2:28 | Mechanical Critter |
| 2:31 | Blizzard |
| 2:40 | Farm |
| 2:50 | Scout Tower |
| 2:52 | Footman |
| 2:53 | Footman |
| 3:47 | Footman |
| 3:48 | Footman |
| 3:50 | Arcane Tower |
| 3:55 | Lumber Mill |
| 4:00 | Scout Tower |
| 4:19 | Scroll of Regeneration |
| 4:44 | Footman |
| 4:49 | Keep |
| 5:15 | Defend |
| 5:17 | Footman |
| 5:17 | Footman |
| 6:57 | Scout Tower |
| 7:02 | Guard Tower |
| 7:20 | Footman |
| 7:20 | Footman |
| 7:20 | Footman |
| 7:20 | Footman |
| 7:36 | Guard Tower |
| 7:48 | Farm |
| 7:55 | Footman |
| 7:57 | Lesser Clarity Potion |
| 8:05 | Scroll of Town Portal |
| 8:37 | Flame Strike |
| 8:46 | Castle |
| 9:46 | Brilliance Aura |
| 10:06 | Barracks |
| 10:14 | Blacksmith |
| 10:22 | Scroll of Regeneration |
| 11:17 | Siphon Mana |
| 11:41 | Scroll of Regeneration |
| 11:47 | Animal War Training |
| 11:49 | Sundering Blades |
| 11:50 | Knight |
| 11:50 | Knight |
| 11:50 | Knight |
| 12:02 | Farm |
| 12:30 | Scroll of Town Portal |
| 13:15 | Town Hall |
| 13:27 | Town Hall |
| 13:44 | Knight |
| 13:54 | Scroll of Town Portal |
| 14:00 | Ivory Tower |
| 14:01 | Ivory Tower |
| 15:00 | Blizzard |
| 15:22 | Ivory Tower |
| 15:22 | Ivory Tower |
| 15:28 | Ivory Tower |
| 15:34 | Guard Tower |
| 16:17 | Guard Tower |
| 16:19 | Peasant |
| 16:19 | Peasant |
| 16:26 | Knight |
| 17:25 | Knight |
| 17:29 | Iron Plating |
| 18:12 | Flame Strike |
| 18:22 | Iron Forged Swords |
| 18:28 | Improved Lumber Harvesting |
| 18:48 | Farm |
| 18:50 | Farm |
| 18:51 | Farm |
| 18:53 | Farm |
| 18:54 | Farm |
| 18:56 | Farm |
| 18:59 | Peasant |
| 19:32 | Knight |
| 20:28 | Knight |
| 20:28 | Knight |
| 20:28 | Knight |
| 20:41 | Scroll of Regeneration |
| 20:45 | Ivory Tower |
| 20:53 | Ivory Tower |
| 21:03 | Guard Tower |
| 21:12 | Advanced Lumber Harvesting |
| 21:14 | Peasant |
| 21:15 | Peasant |
| 21:32 | Scroll of Town Portal |
| 21:38 | Guard Tower |
| 22:43 | Summon Water Elemental |
| Right click | 458 |
| Select | 201 |
| Select group | 193 |
| Build/train/purchase | 91 |
| Use ability | 56 |
| Assign group | 30 |
| Misc. action | 11 |
| Resource trade | 10 |
| Chat | 4 |
| Item give/drop | 1 |
| Remove unit | 1 |



| Mechanical Critter | 4 | 200 |
| Ivory Tower | 7 | 280 |
| Scroll of Town Portal | 1 | 350 |
| total: | 12 | 830g |
| Peasant | 17 | 1275 | / | 0 |
| Footman | 11 | 1485 | / | 0 |
| Rifleman | 4 | 820 | / | 120 |
| Priest | 4 | 540 | / | 40 |
| Siege Engine | 1 | 195 | / | 60 |
| Knight | 4 | 980 | / | 240 |
| total: | 41 | 5295g | / | 460w |
| Scout Tower | 3 | 90 | / | 60 |
| Guard Tower | 5 | 350 | / | 250 |
| Arcane Tower | 1 | 70 | / | 50 |
| Lumber Mill | 1 | 120 | / | 0 |
| Altar of Kings | 1 | 180 | / | 50 |
| Barracks | 1 | 160 | / | 60 |
| Farm | 10 | 800 | / | 200 |
| Arcane Vault | 1 | 130 | / | 30 |
| Blacksmith | 1 | 140 | / | 60 |
| Town Hall | 1 | 385 | / | 205 |
| Cannon Tower | 1 | 120 | / | 100 |
| Gryphon Aviary | 1 | 140 | / | 150 |
| Arcane Sanctum | 1 | 150 | / | 140 |
| Workshop | 1 | 140 | / | 140 |
| Keep | 1 | 320 | / | 210 |
| Castle | 1 | 360 | / | 210 |
| total: | 22 | 2435g | / | 1095w |
| 0:06 | Peasant |
| 0:16 | Peasant |
| 0:27 | Lumber Mill |
| 0:40 | Peasant |
| 0:52 | Altar of Kings |
| 0:58 | Peasant |
| 0:58 | Peasant |
| 1:14 | Barracks |
| 2:07 | Farm |
| 2:35 | Farm |
| 2:38 | Footman |
| 2:42 | Footman |
| 3:01 | Footman |
| 3:08 | Farm |
| 3:12 | Scout Tower |
| 3:35 | Flame Strike |
| 3:38 | Defend |
| 3:40 | Keep |
| 3:53 | Scout Tower |
| 4:42 | Arcane Vault |
| 4:44 | Guard Tower |
| 4:47 | Guard Tower |
| 4:52 | Improved Masonry |
| 6:23 | Footman |
| 6:24 | Footman |
| 6:24 | Footman |
| 7:02 | Improved Lumber Harvesting |
| 7:19 | Gryphon Aviary |
| 7:26 | Footman |
| 8:14 | Footman |
| 8:14 | Footman |
| 8:20 | Blacksmith |
| 8:35 | Farm |
| 8:42 | Mechanical Critter |
| 8:42 | Mechanical Critter |
| 8:55 | Ivory Tower |
| 8:56 | Ivory Tower |
| 9:17 | Summon Water Elemental |
| 9:24 | Guard Tower |
| 9:26 | Guard Tower |
| 9:33 | Peasant |
| 9:33 | Peasant |
| 9:35 | Iron Forged Swords |
| 9:38 | Advanced Masonry |
| 9:40 | Long Rifles |
| 10:26 | Siphon Mana |
| 10:38 | Farm |
| 10:48 | Castle |
| 10:54 | Steel Forged Swords |
| 12:25 | Ivory Tower |
| 12:25 | Ivory Tower |
| 12:25 | Ivory Tower |
| 12:45 | Town Hall |
| 12:49 | Rifleman |
| 12:49 | Rifleman |
| 13:02 | Arcane Sanctum |
| 13:13 | Brilliance Aura |
| 13:23 | Farm |
| 13:31 | Advanced Lumber Harvesting |
| 13:57 | Iron Plating |
| 14:35 | Ivory Tower |
| 14:36 | Ivory Tower |
| 14:37 | Mechanical Critter |
| 14:37 | Mechanical Critter |
| 14:46 | Priest |
| 14:50 | Workshop |
| 14:56 | Guard Tower |
| 15:08 | Peasant |
| 15:08 | Peasant |
| 15:34 | Arcane Tower |
| 15:45 | Priest Adept Training |
| 15:58 | Peasant |
| 15:59 | Peasant |
| 15:59 | Peasant |
| 15:59 | Peasant |
| 16:02 | Peasant |
| 18:06 | Healing Spray |
| 18:12 | Cannon Tower |
| 18:15 | Priest Master Training |
| 18:16 | Priest |
| 18:30 | Siege Engine |
| 18:38 | Black Gunpowder |
| 18:41 | Imbued Masonry |
| 18:42 | Footman |
| 18:43 | Footman |
| 19:27 | Peasant |
| 19:27 | Peasant |
| 19:27 | Peasant |
| 19:52 | Sorceress Adept Training |
| 19:56 | Knight |
| 19:56 | Knight |
| 20:05 | Farm |
| 20:06 | Farm |
| 20:07 | Farm |
| 20:07 | Farm |
| 20:37 | Barrage |
| 20:46 | Animal War Training |
| 20:55 | Scout Tower |
| 20:59 | Magic Sentry |
| 21:30 | Rifleman |
| 21:30 | Rifleman |
| 21:48 | Scroll of Town Portal |
| 22:32 | Flame Strike |
| 23:00 | Knight |
| 23:00 | Knight |
| 23:07 | Priest |
| 23:07 | Priest |
| Right click | 592 |
| Select | 359 |
| Build/train/purchase | 113 |
| Select group | 34 |
| Use ability | 24 |
| Assign group | 15 |
| Misc. action | 14 |
| Remove unit | 2 |